 Dungeon Crawl Stone Soup version 0.29-a0-837-g174bc33265 (webtiles) character file.

Game seed: 264828900272698324

803 Garessta the Trooper (level 7, -1/69 (88) HPs)
             Began as a Demonspawn Fighter on July 13, 2022.
             Was an Initiate of Gozag.
             Slain by a worm (2 damage)
             ... on level 5 of the Dungeon.
             The game lasted 00:12:32 (6041 turns).

Garessta the Trooper (Demonspawn Fighter)           Turns: 6041, Time: 00:12:33

HP:   -1/69 (88)    AC:  7    Str: 19    XL:     7   Next: 59%
MP:   7/7           EV:  9    Int:  9    God:    Gozag
Gold: 334           SH:  4    Dex: 12    Spells: 6/6 levels left

rFire   . . .      SeeInvis .   f - +2 hand axe (vamp)
rCold   . . .      Faith    .   c - +0 buckler
rNeg    . . .      Spirit   .   b - +0 scale mail
rPois   .          Reflect  .   (no helmet)
rElec   .          Harm     .   r - +0 cloak
rCorr   .          Rampage  .   (no gloves)
Will    .....                   (no boots)
Stlth   ..........              (no amulet)
HPRegen 0.21/turn               (no ring)
MPRegen 0.10/turn               (no ring)

@: berserking, heavily drained, very quick
A: claws 1, hooves 2, weakness stinger 1
a: Renounce Religion, Potion Petition, Call Merchant, Bribe Branch


You were on level 5 of the Dungeon.
You worshipped Gozag.
Gozag was aware of your devotion.
You visited 2 branches of the dungeon, and saw 6 of its levels.
You also visited: Sewer.

You collected 423 gold pieces.
You paid 89 gold pieces to Gozag.

Inventory:

Hand Weapons
 a - a +0 war axe
 f - a +2 vampiric hand axe (weapon)
Missiles
 v - 4 javelins
 x - 8 boomerangs (quivered)
Armour
 b - a +0 scale mail (worn)
 c - a +0 buckler (worn)
 r - a +0 cloak (worn)
Jewellery
 C - a ring of wizardry
Wands
 j - a wand of iceblast (9)
 B - a wand of mindburst (17)
Scrolls
 l - 2 scrolls of magic mapping {unknown}
 m - a scroll of enchant armour {unknown}
 q - a scroll of vulnerability {unknown}
 s - 6 scrolls of identify {unknown}
 t - a scroll of enchant weapon {unknown}
 w - 2 scrolls of teleportation {unknown}
 y - a scroll of poison {unknown}
 z - 2 scrolls of immolation {unknown}
 A - a scroll of fog {unknown}
Potions
 d - a potion of might
 e - a potion of haste {unknown}
 g - 2 potions of invisibility {unknown}
 h - a potion of cancellation {unknown}
 i - 4 potions of berserk rage
 k - 4 potions of lignification {unknown}
 n - 3 potions of flight {unknown}
 o - a potion of mutation {unknown}
 p - 2 potions of curing {unknown}
 u - a potion of ambrosia {unknown}


   Skills:
 + Level 6.7 Fighting
 + Level 5.7 Axes
 - Level 2.6 Armour
 - Level 2.6 Shields


You had 6 spell levels left.
You didn't know any spells.
Your spell library contained the following spells:

 Spells                   Type           Power      Damage    Failure   Level
 Blink                    Tloc           0%         N/A       94%         2
 Manifold Assault         Tloc           0%         N/A       100%        5
 Storm Form               Tmut/Air       0%         N/A       100%        7


Dungeon Overview and Level Annotations

Branches:
Dungeon (5/15)             Temple (1/1) D:4           Sewer (visited)

Altars:
Ashenzari
Cheibriados
Fedhas
Gozag
Kikubaaqudgha
Makhleb
Nemelex Xobeh
Okawaru
Qazlal
Ru
Sif Muna
Trog
Uskayaw
Vehumet
Wu Jian
Xom
Yredelemnul

Shops:
D:1 :

Annotations:
D:5 Duvessa


Innate Abilities, Weirdness & Mutations

You have sharp fingernails.
You have hoof-like feet.
You have a small tail.


Message History

You feel drained.
The iguana hisses angrily.
You slash Duvessa!
Duvessa is severely wounded.
Duvessa barely misses you.
You completely miss Duvessa.
Duvessa is severely wounded.
Duvessa misses you.
Duvessa hits you with a +0 rapier of draining!
You feel drained.
Unknown command.
You hit Duvessa.
You feel better.
Your tail-slap misses Duvessa.
Duvessa is severely wounded.
You hit the worm.
You feel better.
A hound comes into view.
Duvessa hits you with a +0 rapier of draining!
* * * LOW HITPOINT WARNING * * *
You feel drained.
* * * LOW HITPOINT WARNING * * *
It was a potion of berserk rage.
A red film seems to cover your vision as you go berserk!
You feel yourself moving faster!
You feel mighty!
Duvessa hits you with a +0 rapier of draining!
* * * LOW HITPOINT WARNING * * *
You feel drained.
* * * LOW HITPOINT WARNING * * *
You block the worm's attack. Duvessa barely misses you.
You slash Duvessa!
You feel better.
Your kick misses Duvessa.
Duvessa is almost dead.
You hit the worm.
You feel better. Duvessa completely misses you.
You slash Duvessa! Your kick misses Duvessa.
Duvessa is almost dead.
You barely miss the worm.
Duvessa hits you with a +0 rapier of draining!
* * * LOW HITPOINT WARNING * * *
You feel drained.
* * * LOW HITPOINT WARNING * * *
The worm bites you.
You die...
Your body crumbles into a pile of gold.

# ##.....###.
###.......#.. .....
............# .....
.#......#...##
......
#####.####...#
...... $ # #..#
#...## #.h... #..#
##....###l.....
###..###..##...we#
##....#...#####.@##
.........## #..#
#####...## #..# #
##.## #..# # #..#
.... ## #....
.....# .# #.####
###..# ## .## ###.
#


You could see Duvessa (berserk), a worm, an iguana and a hound.

Vanquished Creatures
  A water moccasin (D:5)
  A black bear (D:4)
  A phantom (D:5)
  Blork the orc (D:5)
  A scorpion (D:5)
  Dowan (D:5)
  A hound (D:5)
  A jelly (D:5)
  An iguana (D:2)
  2 orc wizards (D:3)
  5 adders
  4 river rats (Sewer)
  An ufetubus (D:5)
  2 worms
  2 dart slugs
  10 orcs
  4 bats
  8 endoplasms
  5 goblins
  4 hobgoblins
  11 jackals
  9 kobolds
  4 quokkas
  11 ball pythons
  7 frilled lizards
  15 rats
113 creatures vanquished.

Notes
Turn   | Place    | Note
-------+----------+-------------------------------------------
     0 | D:1      | Garessta the Demonspawn Fighter began the quest for the
                  | Orb.
     0 | D:1      | Reached XP level 1. HP: 18/18 MP: 1/1
   155 | D:1      | Discovered your monstrous ancestry.
   155 | D:1      | Gained mutation: You have large cloven feet. [demonic
                  | ancestry]
   155 | D:1      | Reached XP level 2. HP: 9/24 MP: 2/2
   668 | D:1      | Found Yweptoco's Book Emporium.
  1226 | D:2      | You fall into a shaft and drop 2 floors!
  1248 | D:4      | Gained mutation: You have sharp fingernails. [demonic
                  | ancestry]
  1248 | D:4      | Reached XP level 3. HP: 30/30 MP: 3/3
  1486 | D:3      | Found a glowing drain.
  1505 | Sewer    | Entered a sewer
  1532 | Sewer    | Reached skill level 4 in Fighting
  1835 | Sewer    | Reached XP level 4. HP: 37/37 MP: 4/4
  2603 | D:2      | Reached XP level 5. HP: 34/43 MP: 5/5
  3335 | D:2      | Found a faded altar of an unknown god.
  3837 | D:3      | Found a shimmering blue altar of Sif Muna.
  4052 | D:3      | Reached skill level 5 in Fighting
  4502 | D:4      | Identified the +1 robe "Qaniubai" {*Corrode +Inv Str+9
                  | Dex+3}
  4579 | D:4      | Noticed a black bear
  4596 | D:4      | Killed a black bear
  4597 | D:4      | Gained mutation: You have a small tail. [demonic ancestry]
  4597 | D:4      | Reached XP level 6. HP: 51/51 MP: 6/6
  4707 | D:4      | Found an ancient bone altar of Kikubaaqudgha.
  4820 | D:4      | Found a staircase to the Ecumenical Temple.
  4825 | Temple   | Entered the Ecumenical Temple
  4825 | Temple   | Found a transporter.
  4825 | Temple   | Found a transporter.
  4827 | Temple   | Found a transporter.
  4827 | Temple   | Found a transporter.
  4838 | Temple   | Became a worshipper of Gozag Ym Sagoz the Greedy
  5215 | D:5      | Entered Level 5 of the Dungeon
  5292 | D:5      | Noticed a water moccasin
  5301 | D:5      | Killed a water moccasin
  5302 | D:5      | Reached skill level 6 in Fighting
  5302 | D:5      | Reached skill level 5 in Axes
  5302 | D:5      | Gained mutation: You have hoof-like feet. [demonic
                  | ancestry]
  5302 | D:5      | Reached XP level 7. HP: 58/58 MP: 7/7
  5347 | D:5      | Noticed Blork the orc
  5360 | D:5      | Killed Blork the orc
  6030 | D:5      | Noticed Duvessa
  6031 | D:5      | Noticed Dowan
  6033 | D:5      | Killed Dowan
  6041 | D:5      | HP: 1/69 [Duvessa/+0 rapier of draining (4)]
  6041 | D:5      | Slain by a worm

Illustrated notes

Levels and vault maps discovered:
D:1:      heliophobic_arrival_battle_scene, layout_basic, serial_shops,
          shop_statue
D:2:      layout_loops_corners, shapermc_ecumenical_altar_notcrosses,
          nicolae_figureground_pulse
D:3:      layout_basic, nicolae_sif_muna_condensation,
          cheibrodos_sewer_entry_drain
D:4:      layout_cave_pods, nicolae_kikubaaqudgha_miasma_corner, temple_doors_e
D:5:      layout_layer_cave, kennysheep_generic_room_11, uniq_blork_the_orc,
          uniq_duvessa
Temple:   hellmonk_temple_divided_pantheon

Skill      XL: |  1  2  3  4  5  6 |
---------------+-------------------+-----
Axes           | 2 3 4 5 |  5.7
Fighting       | 4 5 6 |  6.7
Armour         | |  2.6
Shields        | |  2.6

Action                   |  1- 3 |  4- 6 |  7- 9 || total
-------------------------+-------+-------+-------++-------
Melee: War axe           |    58 |       |       ||    58
       Kick              |    16 |    43 |    12 ||    71
       Hand axe          |    34 |   176 |    34 ||   244
       Tailslap          |       |     2 |     7 ||     9
Evoke: Wand              |       |     3 |     4 ||     7
  Use: Potion            |       |       |     1 ||     1
Armor: Scale mail        |    45 |    90 |    14 ||   149
Dodge: Dodged            |    52 |    55 |    14 ||   121
Block: Buckler           |    21 |    30 |     6 ||    57

Table legend: (Time is in decaauts)
 A = Elapsed time spent in this place.
 B = Non-inter-level travel time spent in this place.
 C = Inter-level travel time spent in this place.
 D = Time resting spent in this place.
 E = Time spent auto-exploring this place.
 F = Levels seen in this place.
 G = Mean time per level.
                   A        B        C        D        E       F      G
               +--------+--------+--------+--------+--------+-----+--------+
         Total |   6149 |   5944 |    205 |    468 |   4542 |   7 |  878.4 |
       Dungeon |   5246 |   5048 |    198 |    251 |   4033 |   5 | 1049.2 |
        Temple |     31 |     24 |      7 |      0 |      3 |   1 |   31.0 |
         Sewer |    871 |    871 |      0 |    217 |    506 |   1 |  871.0 |
               +--------+--------+--------+--------+--------+-----+--------+

Top non-repeatable levels by time:
     D:3: 1281 daAuts
     D:1: 1223 daAuts
     D:2: 992 daAuts
     D:4: 921 daAuts
   Sewer: 871 daAuts
     D:5: 827 daAuts
  Temple: 31 daAuts
